[ AOE2 MATCH · #507284621 ]
UnrankedHuns vs Wu
Player's team · WIN
Rival team · LOSS
[ REPLAY ANALYSIS · EXTRACTED FROM THE RECORDED GAME ]
Feudal
10:05
Castle
—
Imperial
—
| APM avg | 76.1 |
| APM peak | 120 |
| eAPM avg | 32.3 |
| Villagers / military | 44 / 49 |
Focus
⚔️ 39.7% · 🌾 60.3%
Archer ×41 · Skirmisher ×5 · Militia ×3
Feudal
9:25
Castle
—
Imperial
—
| APM avg | 42.3 |
| APM peak | 66 |
| eAPM avg | 17.2 |
| Villagers / military | 46 / 19 |
Focus
⚔️ 34.1% · 🌾 65.9%
Skirmisher ×13 · Archer ×3 · Militia ×3
Match map
Initial resources + every placement click. Lines = walls · curves = elevation contours. ◆ gold · ⬟ stone · ● berries · ✦ relic · ◌ wall gap
Your base· Open — unwalled flank
EMPEROR98265292's base· Open — unwalled flank
Smoothed initial terrain · ◌ = detected wall gap · hover for details
Inputs per minute
— Pedro - - EMPEROR98265292
Build order — Pedro
First 150 of 156 actions detected
| 0:00 | Queue | Villager (Male) |
| 0:00 | Queue | Villager (Male) |
| 0:01 | Queue | Villager (Male) |
| 0:06 | Queue | Villager (Male) |
| 1:14 | Queue | Villager (Male) |
| 1:45 | Build | Lumber Camp |
| 1:54 | Queue | Villager (Male) |
| 2:04 | Queue | Villager (Male) |
| 2:35 | Queue | Villager (Male) |
| 2:50 | Queue | Villager (Male) |
| 3:20 | Queue | Villager (Male) |
| 3:47 | Queue | Villager (Male) |
| 4:14 | Queue | Villager (Male) |
| 4:35 | Queue | Villager (Male) |
| 4:55 | Build | Barracks |
| 5:06 | Queue | Villager (Male) |
| 5:26 | Queue | Villager (Male) |
| 5:56 | Queue | Militia |
| 5:56 | Queue | Militia |
| 6:00 | Queue | Villager (Male) |
| 6:17 | Build | Mill |
| 6:21 | Queue | Villager (Male) |
| 6:33 | Queue | Militia |
| 6:44 | Queue | Villager (Male) |
| 6:52 | Queue | Villager (Male) |
| 7:12 | Research | Loom |
| 7:53 | Research | Feudal Age |
| 7:54 | Research | Feudal Age |
| 8:05 | Build | Lumber Camp |
| 8:30 | Build | Mining Camp |
| 9:07 | Build | Palisade Wall |
| 9:10 | Build | Palisade Wall |
| 9:12 | Build | Palisade Wall |
| 9:21 | Build | Palisade Wall |
| 9:23 | Build | Palisade Wall |
| 9:24 | Build | Palisade Wall |
| 9:28 | Build | Palisade Wall |
| 9:29 | Build | Palisade Wall |
| 9:42 | Queue | Villager (Male) |
| 9:51 | Build | Palisade Wall |
| 9:53 | Build | Palisade Wall |
| 9:55 | Build | Palisade Wall |
| 9:57 | Build | Palisade Wall |
| 10:00 | Build | Palisade Wall |
| 10:02 | Build | Palisade Wall |
| 10:04 | Build | Palisade Wall |
| 10:05 | Age | Feudal Age |
| 10:11 | Research | Man-at-Arms (upgrade) |
| 10:17 | Queue | Villager (Male) |
| 10:22 | Build | Archery Range |
| 10:24 | Queue | Villager (Male) |
| 10:31 | Research | Double-Bit Axe |
| 10:31 | Research | Double-Bit Axe |
| 10:31 | Queue | Villager (Male) |
| 10:35 | Build | Palisade Wall |
| 10:39 | Queue | Villager (Male) |
| 10:45 | Build | Palisade Wall |
| 10:48 | Build | Palisade Wall |
| 10:49 | Build | Palisade Wall |
| 10:50 | Build | Palisade Wall |
| 10:55 | Build | Palisade Wall |
| 10:57 | Build | Palisade Wall |
| 11:05 | Queue | Villager (Male) |
| 11:06 | Queue | Archer |
| 11:07 | Queue | Archer |
| 11:27 | Queue | Archer |
| 11:28 | Queue | Archer |
| 11:43 | Queue | Villager (Male) |
| 11:51 | Build | Farm |
| 12:02 | Build | Farm |
| 12:10 | Queue | Villager (Male) |
| 12:30 | Build | Farm |
| 12:33 | Build | Archery Range |
| 12:41 | Queue | Villager (Male) |
| 12:41 | Queue | Archer |
| 12:41 | Queue | Archer |
| 12:42 | Queue | Archer |
| 12:59 | Build | Farm |
| 13:09 | Queue | Archer |
| 13:09 | Queue | Archer |
| 13:13 | Queue | Villager (Male) |
| 13:16 | Queue | Archer |
| 13:16 | Queue | Archer |
| 13:23 | Queue | Archer |
| 13:23 | Queue | Archer |
| 13:45 | Queue | Archer |
| 13:47 | Build | Blacksmith |
| 14:16 | Queue | Archer |
| 14:16 | Queue | Archer |
| 14:16 | Queue | Villager (Male) |
| 14:19 | Build | Farm |
| 14:24 | Queue | Archer |
| 14:25 | Queue | Archer |
| 14:25 | Queue | Villager (Male) |
| 14:27 | Build | Farm |
| 14:41 | Research | Fletching |
| 14:41 | Research | Fletching |
| 14:44 | Build | Farm |
| 14:47 | Build | Farm |
| 14:51 | Queue | Skirmisher |
| 14:52 | Queue | Skirmisher |
| 14:52 | Queue | Skirmisher |
| 14:53 | Queue | Villager (Male) |
| 15:12 | Queue | Villager (Male) |
| 15:26 | Queue | Archer |
| 15:27 | Queue | Archer |
| 15:27 | Queue | Archer |
| 15:27 | Queue | Archer |
| 15:31 | Queue | Villager (Male) |
| 15:34 | Build | Farm |
| 15:35 | Build | Farm |
| 15:44 | Queue | Archer |
| 15:44 | Queue | Archer |
| 15:44 | Queue | Archer |
| 15:46 | Queue | Villager (Male) |
| 15:52 | Build | Farm |
| 16:04 | Queue | Villager (Male) |
| 16:07 | Build | Farm |
| 16:23 | Queue | Archer |
| 16:23 | Queue | Archer |
| 16:29 | Queue | Skirmisher |
| 16:30 | Queue | Skirmisher |
| 16:30 | Queue | Villager (Male) |
| 16:32 | Build | Farm |
| 16:33 | Build | Farm |
| 16:56 | Queue | Archer |
| 16:56 | Queue | Archer |
| 17:07 | Queue | Archer |
| 17:08 | Queue | Archer |
| 17:08 | Queue | Villager (Male) |
| 17:10 | Build | Farm |
| 17:12 | Build | Farm |
| 17:23 | Build | Farm |
| 17:24 | Build | Farm |
| 17:30 | Queue | Villager (Male) |
| 17:40 | Queue | Archer |
| 17:44 | Build | Watch Tower |
| 17:49 | Queue | Villager (Male) |
| 18:16 | Queue | Archer |
| 18:16 | Queue | Archer |
| 18:16 | Queue | Villager (Male) |
| 18:18 | Build | Farm |
| 18:18 | Queue | Villager (Male) |
| 18:24 | Build | Watch Tower |
| 18:31 | Queue | Archer |
| 18:32 | Queue | Archer |
| 18:54 | Queue | Villager (Male) |
| 18:54 | Queue | Archer |
| 19:06 | Queue | Villager (Male) |
| 19:15 | Queue | Archer |
Build order — EMPEROR98265292
116 actions detected in the replay
| 0:03 | Build | House |
| 0:04 | Queue | Villager (Male) ×4 |
| 0:05 | Build | House |
| 1:25 | Queue | Villager (Male) |
| 1:26 | Queue | Villager (Male) |
| 1:46 | Queue | Villager (Male) |
| 1:46 | Queue | Villager (Male) |
| 1:59 | Build | Lumber Camp |
| 2:51 | Queue | Villager (Male) |
| 2:51 | Queue | Villager (Male) ×2 |
| 2:51 | Queue | Villager (Male) |
| 2:53 | Queue | Villager (Male) |
| 2:53 | Queue | Villager (Male) |
| 3:00 | Build | House |
| 3:08 | Build | House |
| 3:09 | Build | House |
| 3:57 | Queue | Villager (Male) ×2 |
| 3:58 | Queue | Villager (Male) ×2 |
| 4:02 | Build | House |
| 5:08 | Queue | Villager (Male) |
| 5:11 | Build | Mill |
| 5:13 | Queue | Villager (Male) |
| 5:52 | Queue | Villager (Male) |
| 6:20 | Queue | Villager (Male) |
| 6:30 | Research | Loom |
| 7:15 | Research | Feudal Age |
| 7:48 | Build | Barracks |
| 8:31 | Build | Mining Camp |
| 8:34 | Queue | Militia |
| 8:35 | Queue | Militia |
| 8:37 | Queue | Militia |
| 8:49 | Queue | Villager (Male) |
| 9:25 | Age | Feudal Age |
| 9:43 | Research | Man-at-Arms (upgrade) |
| 10:02 | Queue | Villager (Male) |
| 10:04 | Build | Archery Range |
| 10:32 | Queue | Villager (Male) |
| 10:36 | Build | Palisade Wall |
| 10:38 | Build | Palisade Wall |
| 10:40 | Build | Palisade Wall |
| 10:42 | Build | Palisade Wall |
| 10:49 | Queue | Villager (Male) |
| 11:13 | Build | Palisade Wall |
| 11:15 | Queue | Villager (Male) |
| 11:42 | Queue | Villager (Male) |
| 12:20 | Build | Palisade Wall |
| 12:26 | Queue | Archer |
| 12:28 | Queue | Villager (Male) |
| 12:36 | Queue | Villager (Male) |
| 12:45 | Queue | Skirmisher |
| 12:45 | Queue | Skirmisher |
| 12:48 | Build | House |
| 12:49 | Build | House |
| 13:08 | Build | Lumber Camp |
| 13:12 | Queue | Villager (Male) |
| 13:53 | Queue | Villager (Male) |
| 13:55 | Build | Farm |
| 13:55 | Build | Farm |
| 13:56 | Build | Farm |
| 13:56 | Build | Farm |
| 13:58 | Build | Farm |
| 13:59 | Build | Farm |
| 14:16 | Queue | Villager (Male) |
| 14:23 | Queue | Villager (Male) |
| 14:25 | Queue | Skirmisher |
| 14:37 | Build | Palisade Wall |
| 14:39 | Build | Palisade Wall |
| 14:41 | Queue | Villager (Male) |
| 14:57 | Build | Farm |
| 15:02 | Build | Farm |
| 15:04 | Build | Farm |
| 15:12 | Queue | Villager (Male) |
| 15:28 | Queue | Archer |
| 15:28 | Queue | Archer |
| 15:38 | Build | House |
| 15:39 | Build | House |
| 15:41 | Build | House |
| 15:43 | Build | House |
| 16:00 | Build | Blacksmith |
| 16:14 | Queue | Skirmisher |
| 16:21 | Queue | Villager (Male) |
| 16:25 | Build | Watch Tower |
| 16:41 | Queue | Skirmisher |
| 16:52 | Research | Fletching |
| 16:54 | Build | Farm |
| 16:56 | Queue | Villager (Male) |
| 16:59 | Build | House |
| 17:11 | Queue | Skirmisher |
| 17:15 | Queue | Villager (Male) |
| 17:23 | Queue | Skirmisher |
| 17:26 | Build | House |
| 17:30 | Build | House |
| 17:40 | Build | House |
| 17:41 | Build | House |
| 17:54 | Queue | Villager (Male) |
| 18:02 | Queue | Skirmisher |
| 18:09 | Queue | Skirmisher |
| 18:09 | Queue | Skirmisher |
| 18:26 | Queue | Villager (Male) |
| 18:48 | Build | Farm |
| 18:55 | Queue | Skirmisher |
| 18:55 | Queue | Skirmisher |
| 18:59 | Queue | Villager (Male) |
| 19:02 | Build | Farm |
| 19:29 | Queue | Villager (Male) |
| 19:39 | Queue | Skirmisher |
| 19:40 | Queue | Villager (Male) |
| 19:42 | Build | Farm |
| 19:43 | Build | Farm |
| 19:43 | Build | Farm |
| 19:43 | Build | Farm |
| 19:53 | Queue | Villager (Male) |
| 20:15 | Build | House |
| 20:16 | Build | House |
| 20:19 | Build | Palisade Wall |
| 20:22 | Queue | Villager (Male) |
Match timeline
| 4:55 | Pedro · first_building Barracks |
| 7:48 | EMPEROR98265292 · first_building Barracks |
| 9:07 | Pedro · wall_segment Palisade Wall x1 |
| 9:10 | Pedro · wall_segment Palisade Wall x1 |
| 9:12 | Pedro · wall_segment Palisade Wall x1 |
| 9:21 | Pedro · wall_segment Palisade Wall x1 |
| 9:23 | Pedro · wall_segment Palisade Wall x1 |
| 9:24 | Pedro · wall_segment Palisade Wall x1 |
| 9:25 | EMPEROR98265292 · age_up feudal |
| 9:28 | Pedro · wall_segment Palisade Wall x1 |
| 9:29 | Pedro · wall_segment Palisade Wall x1 |
| 9:51 | Pedro · wall_segment Palisade Wall x1 |
| 9:53 | Pedro · wall_segment Palisade Wall x1 |
| 9:55 | Pedro · wall_segment Palisade Wall x1 |
| 9:57 | Pedro · wall_segment Palisade Wall x1 |
| 10:00 | Pedro · wall_segment Palisade Wall x1 |
| 10:02 | Pedro · wall_segment Palisade Wall x1 |
| 10:04 | Pedro · wall_segment Palisade Wall x1 |
| 10:04 | EMPEROR98265292 · first_building Archery Range |
| 10:05 | Pedro · age_up feudal |
| 10:22 | Pedro · first_building Archery Range |
| 10:35 | Pedro · wall_segment Palisade Wall x1 |
| 10:36 | EMPEROR98265292 · wall_segment Palisade Wall x1 |
| 10:38 | EMPEROR98265292 · wall_segment Palisade Wall x1 |
| 10:40 | EMPEROR98265292 · wall_segment Palisade Wall x1 |
| 10:42 | EMPEROR98265292 · wall_segment Palisade Wall x1 |
| 10:45 | Pedro · wall_segment Palisade Wall x1 |
| 10:48 | Pedro · wall_segment Palisade Wall x1 |
| 10:49 | Pedro · wall_segment Palisade Wall x1 |
| 10:50 | Pedro · wall_segment Palisade Wall x1 |
| 10:55 | Pedro · wall_segment Palisade Wall x1 |
| 10:57 | Pedro · wall_segment Palisade Wall x1 |
| 11:13 | EMPEROR98265292 · wall_segment Palisade Wall x1 |
| 12:20 | EMPEROR98265292 · wall_segment Palisade Wall x1 |
| 14:37 | EMPEROR98265292 · wall_segment Palisade Wall x1 |
| 14:39 | EMPEROR98265292 · wall_segment Palisade Wall x7 |
| 20:19 | EMPEROR98265292 · wall_segment Palisade Wall x7 |
| 20:43 | EMPEROR98265292 · resign |
[ AI ANALYSIS · 1 CREDIT ]
What really happened in this match?
Wolo.gg analyzes every decision: build order, eco, micro, common mistakes by bracket. Personalized analysis on WhatsApp or Discord in 30 seconds.
Civ guide
Huns
Perfil
Jugador #339375